 Dungeon Crawl Stone Soup version 0.28-a0-793-g31680bbd8b (webtiles) character file.

Game seed: 14207629405815190789

11 cheechan the Skirmisher (level 2, 0/21 HPs)
             Began as an Octopode Chaos Knight on Nov 4, 2021.
             Was a Plaything of Xom.
             Slain by a wyvern (10 damage)
             ... on level 1 of the Dungeon.
             The game lasted 00:02:01 (234 turns).

cheechan the Skirmisher (Octopode Chaos Knight)      Turns: 234, Time: 00:02:01

Health: 0/21       AC:  1    Str: 17    XL:     2   Next: 29%
Magic:  2/2        EV: 13    Int: 14    God:    Xom [.*....]
Gold:   28         SH:  0    Dex: 11    Spells: 1/1 levels left

rFire   . . .      SeeInvis .   a - +0 mace (chaos)
rCold   . . .      Faith    .   (no shield)
rNeg    . . .      Spirit   .   (helmet restricted)
rPois   .          Reflect  .   (no amulet)
rElec   .          Harm     .   c - +6 ring of strength
rCorr   .          Rampage  .   (no ring)
Will    .....                   (no ring)
Stlth   ++........              (no ring)
HPRegen 0.07/turn               (no ring)
MPRegen 0.08/turn               (no ring)
                                (no ring)
                                (no ring)

@: no status effects
A: almost no armour, amphibious, 8 rings, camouflage 1, gelatinous body 1,
(nimble swimmer 1), tentacles
a: Renounce Religion


You were on level 1 of the Dungeon.
You worshipped Xom.
You were a plaything of Xom.
You visited 1 branch of the dungeon, and saw 1 of its levels.

You collected 28 gold pieces.

Inventory:

Hand Weapons
 a - a +0 mace of chaos (weapon)
Missiles
 b - 55 bolts
Jewellery
 c - a +6 ring of strength (left tentacle)


   Skills:
 + Level 3.3 Fighting
 + Level 3.2 Maces & Flails
 + Level 2.5 Dodging


You had one spell level left.
You didn't know any spells.
Your spell library was empty.

Dungeon Overview and Level Annotations

Branches:
Dungeon (1/15)

Altars:


Innate Abilities, Weirdness & Mutations

You cannot wear most types of armour.
You are amphibious.
You can wear up to eight rings at the same time.
Your skin changes colour to match your surroundings (Stealth+).
Your rubbery body absorbs attacks. (AC +1, EV +1)
((You are camouflaged near water. (Stealth+)))
You have tentacles for arms and can constrict up to eight enemies at once.


Message History

You squeeze the kobold.
You kill the kobold!
The ball python barely misses you. The ball python grabs you.
The ball python constricts you. The rat barely misses you.
The ball python bites you. The ball python constricts you.
The rat bites you but does no damage.
You hit the rat. You burn the rat.
You kill the rat!
The ball python barely misses you. The ball python constricts you.
You escape the ball python's grasp.
The ball python barely misses you. The ball python grabs you.
The ball python constricts you.
You see here a rat corpse.
You closely miss the ball python. Your grab misses the ball python.
The ball python bites you. The ball python constricts you.
The ball python bites you.
* * * LOW HITPOINT WARNING * * *
The ball python constricts you.
* * * LOW HITPOINT WARNING * * *
You hit the ball python.
You feel better.
You kill the ball python!
You see here a ball python corpse.
c - a +6 ring of strength You now have 28 gold pieces (gained 7).
You feel stronger.
c - a +6 ring of strength (left tentacle)
A bat comes into view.
You see here a rat corpse. "This might be better!"
The bat evaporates and reforms as a wyvern!
Things that are here:
a +0 short sword; 3 stones; a kobold corpse You aren't carrying any scrolls.
You aren't carrying any potions.
The wyvern hisses angrily.
The wyvern misses you.
You hit the wyvern. Your squeeze misses the wyvern.
The wyvern is lightly wounded.
The wyvern bites you!
You die...
Xom howls with laughter!

##......##
########........##
#................#
#................#
#................#
#................#
...............##
##..#.)††......####
#†.....).l@.......
#............#####
#.#.†............
#.#..........###.#
#..............
###.........###.
######........## .
$.....>....####.
................


You could see a wyvern.

Vanquished Creatures
  A bat (D:1)
  3 giant cockroaches (D:1)
  A hobgoblin (D:1)
  3 kobolds (D:1)
  2 ball pythons (D:1)
  A frilled lizard (D:1)
  A rat (D:1)
12 creatures vanquished.

Notes
Turn   | Place    | Note
-------+----------+-------------------------------------------
     0 | D:1      | cheechan the Octopode Chaos Knight began the quest for the
                  | Orb.
     0 | D:1      | Reached XP level 1. HP: 16/16 MP: 1/1
    12 | D:1      | XOM: potion effect (haste)
   184 | D:1      | Reached XP level 2. HP: 18/21 MP: 2/2
   230 | D:1      | Noticed a wyvern
   230 | D:1      | a bat changed into a wyvern
   230 | D:1      | XOM: polymorph bat -> wyvern
   234 | D:1      | Slain by a wyvern

Illustrated notes

Levels and vault maps discovered:
D:1:      dpeg_arrival_chambers_temple_mockup, layout_rooms, serial_shops,
          nicolae_diamond_shop, hex_intersection

Action                   || total
-------------------------++-------
Melee: Mace              ||    21
       Constrict         ||     4
       Tentacles         ||     4
 Stab: Sleeping          ||     1
Armor: Skin              ||     2
Dodge: Dodged            ||    18

Table legend: (Time is in decaauts)
 A = Elapsed time spent in this place.
 B = Non-inter-level travel time spent in this place.
 C = Inter-level travel time spent in this place.
 D = Time resting spent in this place.
 E = Time spent auto-exploring this place.
 F = Levels seen in this place.
 G = Mean time per level.
                   A        B        C        D        E       F      G
               +--------+--------+--------+--------+--------+-----+--------+
         Total |    218 |    218 |      0 |      0 |      0 |   1 |  218.0 |
       Dungeon |    218 |    218 |      0 |      0 |      0 |   1 |  218.0 |
               +--------+--------+--------+--------+--------+-----+--------+

Top non-repeatable levels by time:
     D:1: 218 daAuts
